 Dungeon Sprint DCSS version 0.30-a0-140-gd1020e658a (webtiles) character file.

Game seed: 10983286253048264749

634 mhtbhm the Geomancer (level 7, -2/36 HPs)
             Began as a Gargoyle Earth Elementalist on Sept 24, 2022.
             Was a Follower of Vehumet.
             Slain by a shadow (20 damage)
             ... in the Dungeon (Sprint IX: "|||||||||||||||||||||||||||||").
             The game lasted 00:02:22 (677 turns).

mhtbhm the Geomancer (Gargoyle Earth Elementalist)   Turns: 677, Time: 00:02:22

Health: -2/36      AC:  8    Str: 15    XL:     7   Next: 49%
Magic:  1/19       EV: 15    Int: 17    God:    Vehumet [*.....]
Gold:   0          SH:  0    Dex: 10    Spells: 14/24 levels left

rFire   . . .      SeeInvis .    j - +2 morningstar (protect)
rCold   . . .      Faith    .    (no shield)
rNeg    + . .      Spirit   .    a - +0 robe
rPois   ∞          Reflect  .    (no helmet)
rElec   +          Harm     .    l - +0 cloak
rCorr   .          Rampage  .    (no gloves)
Will    .....      NoTele   +    k - +0 pair of boots
Stlth   ++........               (no amulet)
HPRegen 0.12/turn                m - +3 ring of strength
MPRegen 0.16/turn                n - +2 ring of evasion

@: no status effects
A: sickness immunity, AC +4, negative energy resistance 1, electricity
resistance, torment resistance 1, petrification resistance
a: Renounce Religion


You were in the Dungeon.
You worshipped Vehumet.
Vehumet was aware of your devotion.
You visited 1 branch

Inventory:

Hand Weapons
 j - a +2 morningstar of protection (weapon)
Armour
 a - a +0 robe (worn)
 k - a +0 pair of boots (worn)
 l - a +0 cloak (worn)
Jewellery
 m - a +3 ring of strength (left hand)
 n - a +2 ring of evasion (right hand)
Wands
 i - a wand of iceblast (9)
Scrolls
 g - 2 scrolls of blinking
 h - 2 scrolls of amnesia
Potions
 b - 2 potions of magic
 c - 5 potions of curing
 d - a potion of invisibility
 e - 2 potions of heal wounds
 f - a potion of berserk rage


   Skills:
 + Level 5.1 Dodging
 + Level 4.5 Stealth
 + Level 9.2 Spellcasting
 + Level 2.0 Conjurations
 + Level 1.3 Transmutations
 + Level 12.4 Earth Magic
 + Level 0.8 Evocations


You had 14 spell levels left.
You knew the following spells:

 Your Spells              Type           Power      Damage    Failure   Level
a - Sandblast             Erth           100%       2d20      1%          1
b - Passwall              Tmut/Erth      25%        N/A       1%          2
c - Stone Arrow           Conj/Erth      64%        3d11      1%          3
d - Petrify               Tmut/Erth      31%        N/A       5%          4

Your spell library contained the following spells:

 Spells                   Type           Power      Damage    Failure   Level
 Magic Dart               Conj           56%        1d5       4%          1


Dungeon Overview and Level Annotations

Branches:
Dungeon (1/1)

Altars:
Cheibriados
Dithmenos
Elyvilon
Fedhas
Gozag
Hepliaklqana
Kikubaaqudgha
Makhleb
Nemelex Xobeh
Okawaru
Qazlal
Ru
Sif Muna
Trog
Uskayaw
Vehumet
Wu Jian
Xom
Yredelemnul
Zin
The Shining One
Jiyva
Lugonu


Innate Abilities, Weirdness & Mutations

You are immune to sickness and miasma.
Your stone body is resilient. (AC +4)
You are immune to poison.
You resist negative energy. (rN+)
You are resistant to electric shocks. (rElec)
You are resistant to unholy torment.
You are immune to petrification.


Message History

You destroy the wight!
Vehumet accepts your kill. Something hits you but does no damage.
Something hits you.
Your Spellcasting skill increases to level 7!
Your Earth Magic skill increases to level 11!
Unknown command.
Unknown command.
Unknown command.
Casting: Stone Arrow (dangerous; 3% risk of failure)
Confirm with . or Enter, or press ? or * to list all spells.
Aiming: Stone Arrow (dangerous; 3% risk of failure)
Press: ? - help, Shift-Dir - straight line The stone arrow hits the killer bee!!
You kill the killer bee!
Vehumet accepts your kill. Something hits you.
Something hits you but does no damage.
Your Stealth skill increases to level 4!
Unknown command.
Unknown command.
Casting: Stone Arrow (dangerous; 2% risk of failure)
Confirm with . or Enter, or press ? or * to list all spells.
Aiming: Stone Arrow (dangerous; 2% risk of failure)
Press: ? - help, Shift-Dir - straight line The stone arrow hits something!
Vehumet accepts your kill.
You can now gain magical power from killing.
Vehumet offers you knowledge of Magic Dart.
You feel your power returning.
Reactivating autopickup.
You feel a bit more experienced.
Your Dodging skill increases to level 5!
Your Spellcasting skill gained 2 levels and is now at level 9!
Your Conjurations skill gained 2 levels and is now at level 2!
Your Earth Magic skill increases to level 12!
You have reached level 7!
Okay, then.
Okay, then.
The shadow strikes at you from the darkness!
Ouch! That really hurt!
You die...

▓.▓
▓.▓
▓)▓
▓.▓
▓.▓
▓.▓
▓[▓
▓.▓
▓@▓
▓'▓
▓)▓
▓O▓
▓.▓
▓z▓
▓.▓
▓.▓


You could see a two-headed ogre and a wight.

Vanquished Creatures
  An unseen horror (D)
  An ice beast (D)
  A black bear (D)
  A phantom (D)
  A wight (D)
  A killer bee (D)
  A gnoll (D)
  A white imp (D)
  An endoplasm (D)
  A hobgoblin (D)
  A bat (D)
  2 rats (D)
13 creatures vanquished.

Notes
Turn   | Place    | Note
-------+----------+-------------------------------------------
     0 | D        | mhtbhm the Gargoyle Earth Elementalist began the quest for
                  | the Orb.
     0 | D        | Reached XP level 1. HP: 10/10 MP: 3/3
     5 | D        | Reached skill level 4 in Earth Magic
   372 | D        | Noticed an ice beast
   372 | D        | Noticed a phantom
   372 | D        | Noticed a black bear
   387 | D        | Killed an ice beast
   388 | D        | Reached skill level 1 in Transmutations
   388 | D        | Reached skill level 8 in Earth Magic
   388 | D        | Reached XP level 2. HP: 2/15 MP: 0/7
   388 | D        | Reached XP level 3. HP: 3/19 MP: 0/9
   388 | D        | Reached XP level 4. HP: 3/24 MP: 0/10
   392 | D        | Killed a phantom
   393 | D        | Reached skill level 5 in Spellcasting
   393 | D        | Reached skill level 9 in Earth Magic
   393 | D        | Reached XP level 5. HP: 21/28 MP: 9/13
   394 | D        | Killed a black bear
   395 | D        | Reached skill level 10 in Earth Magic
   395 | D        | Reached XP level 6. HP: 21/32 MP: 7/15
   595 | D        | Found a snail-covered altar of Cheibriados.
   595 | D        | Found a shadowy altar of Dithmenos.
   595 | D        | Found a white marble altar of Elyvilon.
   595 | D        | Found a blossoming altar of Fedhas.
   595 | D        | Found an opulent altar of Gozag.
   596 | D        | Found a hazy altar of Hepliaklqana.
   597 | D        | Found a viscous altar of Jiyva.
   598 | D        | Found an ancient bone altar of Kikubaaqudgha.
   599 | D        | Found a corrupted altar of Lugonu.
   600 | D        | Found a burning altar of Makhleb.
   601 | D        | Found a sparkling altar of Nemelex Xobeh.
   602 | D        | Found an iron altar of Okawaru.
   603 | D        | Found a stormy altar of Qazlal.
   604 | D        | Found a sacrificial altar of Ru.
   605 | D        | Found a shimmering blue altar of Sif Muna.
   606 | D        | Found a bloodstained altar of Trog.
   607 | D        | Found a hide-covered altar of Uskayaw.
   608 | D        | Found a radiant altar of Vehumet.
   609 | D        | Found an ornate altar of the Wu Jian Council.
   610 | D        | Found a shimmering altar of Xom.
   611 | D        | Found a basalt altar of Yredelemnul.
   612 | D        | Found a glowing silver altar of Zin.
   613 | D        | Found a glowing golden altar of the Shining One.
   616 | D        | Became a worshipper of Vehumet
   661 | D        | Learned a level 2 spell: Passwall
   665 | D        | Learned a level 3 spell: Stone Arrow
   670 | D        | Learned a level 4 spell: Petrify
   670 | D        | Noticed a shadow
   670 | D        | Noticed a two-headed ogre
   675 | D        | Reached skill level 11 in Earth Magic
   676 | D        | Killed an unseen horror
   676 | D        | Reached * piety under Vehumet
   676 | D        | Offered knowledge of Magic Dart by Vehumet.
   677 | D        | Reached skill level 5 in Dodging
   677 | D        | Reached skill level 12 in Earth Magic
   677 | D        | Reached XP level 7. HP: 18/36 MP: 1/19
   677 | D        | Slain by a shadow

Illustrated notes

Levels and vault maps discovered:
D:        linesprint [early_d, line_temple, items_1, d_10, items_2, lair_1,
          lair_end, items_3, orc_1, orc_end, items_4, d_15, swamp_1, shoals_1,
          snake_1, spider_1, d_20, vaults_1, items_5, swamp_end, shoals_end,
          snake_end, spider_end, vaults_end, d_27, items_6, zot_1, zot_end,
          crypt_end, forest_end, elf_end, slime_end, tomb_end, abyss_end,
          pan_hell_end]

Skill      XL: |  1  2  3  4  5  6 |
---------------+-------------------+-----
Earth Magic    | 8 9 10 12 | 12.4
Dodging        | 3 4 5 |  5.1
Stealth        | 3 4 |  4.5
Spellcasting   | 4 5 6 9 |  9.2
Transmutations | 1 |  1.3
Conjurations   | 2 |  2.0
Evocations     | |  0.8

Action                   |  1- 3 |  4- 6 |  7- 9 || total
-------------------------+-------+-------+-------++-------
Melee: Unarmed           |    12 |       |       ||    12
 Cast: Sandblast         |    14 |     7 |       ||    21
       Stone Arrow       |       |     5 |       ||     5
Evoke: Wand              |       |     1 |       ||     1
  Use: Potion            |     3 |     2 |       ||     5
Armor: Robe              |    10 |     5 |       ||    15
Dodge: Dodged            |    14 |     4 |       ||    18

Table legend: (Time is in decaauts)
 A = Elapsed time spent in this place.
 B = Non-inter-level travel time spent in this place.
 C = Inter-level travel time spent in this place.
 D = Time resting spent in this place.
 E = Time spent auto-exploring this place.
 F = Levels seen in this place.
 G = Mean time per level.
                   A        B        C        D        E       F      G
               +--------+--------+--------+--------+--------+-----+--------+
         Total |    665 |    665 |      0 |    510 |      3 |   1 |  665.0 |
       Dungeon |    665 |    665 |      0 |    510 |      3 |   1 |  665.0 |
               +--------+--------+--------+--------+--------+-----+--------+

Top non-repeatable levels by time:
       D: 665 daAuts
